 Dungeon Crawl Stone Soup version 0.28-a0-1524-ge72afd5fc6 (webtiles) character file.

Game seed: 1916069071370163331

269 knot the Chopper (level 6, 56/70 HPs)
             Began as a Demonspawn Berserker on Jan 18, 2022.
             Was a Follower of Trog.
             Quit the game on level 3 of the Dungeon.
             The game lasted 00:02:31 (3308 turns).

knot the Chopper (Demonspawn Berserker)             Turns: 3308, Time: 00:02:32

Health: 56/70      AC:  6    Str: 17    XL:     6   Next: 1%
Magic:  15/15      EV: 10    Int: 11    God:    Trog [*.....]
Gold:   116        SH:  0    Dex: 12    Spells: 5/5 levels left

rFire   . . .      SeeInvis .   a - +0 hand axe
rCold   . . .      Faith    .   (no shield)
rNeg    . . .      Spirit   .   e - +0 scale mail
rPois   .          Reflect  .   (helmet restricted)
rElec   .          Harm     .   (no cloak)
rCorr   .          Rampage  .   (no gloves)
Will    ++...                   (no boots)
Stlth   ..........              (no amulet)
HPRegen 1.21/turn               l - ring of magical power
MPRegen 0.14/turn               (no ring)

@: berserking, strong-willed, regenerating, very quick
A: antennae 1, demonic magic 1
a: Renounce Religion, Berserk


You were on level 3 of the Dungeon.
You worshipped Trog.
Trog was aware of your devotion.
You visited 1 branch of the dungeon, and saw 3 of its levels.

You collected 116 gold pieces.

Inventory:

Hand Weapons
 a - a +0 hand axe (weapon)
Missiles
 b - 22 stones (quivered)
Armour
 e - a +0 scale mail (worn)
Jewellery
 l - a ring of magical power (left hand)
Scrolls
 c - 5 scrolls of identify {unknown}
 j - 2 scrolls of magic mapping {unknown}
 k - a scroll of noise {unknown}
Potions
 d - a potion of lignification {unknown}
 f - a potion of flight {unknown}
 g - a potion of cancellation {unknown}
 h - a potion of mutation {unknown}
 i - a potion of resistance {unknown}
 m - a potion of heal wounds {unknown}
 n - a potion of haste {unknown}


   Skills:
 - Level 3.0 Fighting
 + Level 6.2 Axes
 - Level 1.7 Armour
 - Level 1.7 Dodging


You had 5 spell levels left.
You didn't know any spells.
Your spell library contained the following spells:

 Spells                   Type           Power      Damage    Failure   Level
 Magic Dart               Conj           0%         1d3       77%         1
 Searing Ray              Conj           0%         2d4       88%         2
 Fulminant Prism          Conj/Hex       0%         3d6       100%        4


Dungeon Overview and Level Annotations

Branches:
Dungeon (3/15)

Altars:
Kikubaaqudgha

Shops:
D:3 [


Innate Abilities, Weirdness & Mutations

You have a pair of small antennae on your head.
Spells you cast may paralyse adjacent enemies.


Message History

a +0 dagger; a +0 robe; the human corpse of Jessica You recover from your berserk rage.
Sigmund the Dreaded comes into view.
He is wielding a +0 scythe and carrying a wand of flame (21).
Sigmund zaps a wand.
The puff of flame hits you.
You see here 15 gold pieces.
Sigmund is nearby!
Sigmund is nearby!
You aren't carrying any items that you can evoke.
Unknown command.
Things that are here:
a +0 dagger; a +0 robe; the human corpse of Jessica You start resting.
Sigmund is nearby!
There is a stone staircase leading up here.
You start resting.
You sense a monster nearby.
Your skin crawls.
You feel strong-willed.
You can no longer call upon Trog for regeneration and willpower.
Sigmund casts a spell at you. The magic dart hits you.
A red film seems to cover your vision as you go berserk!
You feel yourself moving faster!
You feel mighty!
Sigmund zaps a wand.
The puff of flame hits you.
You feel a strong urge to attack something.
You closely miss Sigmund. Sigmund barely misses you.
You closely miss Sigmund. You slash Sigmund!
Sigmund is heavily wounded.
Sigmund barely misses you.
You slice Sigmund!!
You kill Sigmund!
Trog accepts your kill.
Trog appreciates your killing of a magic user.
Your Axes skill increases to level 6!
You have reached level 5!
You have reached level 6!
Your demonic ancestry asserts itself...
A menacing aura infuses your magic.
Are you sure you want to abandon this character and quit the game? (Confirm with "yes".)

#...##.....######......$....@..
#...†......# #.......####...
#...##.....# #.#.###.#
##.####.#########.### #..$
##................# #.###
#...####.########.# #.#
.........### #.#####.#
#..........######)......#
......≈≈≈......<@.#######
##.#.≈≈≈≈≈..#######
#.#.≈≈_≈≈.[# #...≈≈.≈≈..#
###.≈≈.≈≈..# #.≈≈.≈≈.##
#.≈...≈.# #.≈.8.≈.# #.......#


There were no monsters in sight!

Vanquished Creatures
  Sigmund (D:3)
  Jessica (D:3)
  3 adders
  A worm (D:3)
  2 dart slugs
  6 bats
  5 endoplasms
  3 giant cockroaches
  3 goblins
  A hobgoblin (D:3)
  10 jackals
  5 kobolds
  4 quokkas
  3 ball pythons (D:2)
  3 rats
51 creatures vanquished.

Notes
Turn   | Place    | Note
-------+----------+-------------------------------------------
     0 | D:1      | knot the Demonspawn Berserker began the quest for the Orb.
     0 | D:1      | Reached XP level 1. HP: 18/18 MP: 1/1
    63 | D:1      | Reached skill level 3 in Axes
   152 | D:1      | Found a faded altar of an unknown god.
   283 | D:1      | Gained mutation: You have a pair of small antennae on your
                  | head. [demonic ancestry]
   283 | D:1      | Reached XP level 2. HP: 24/24 MP: 2/2
  1113 | D:2      | Reached XP level 3. HP: 29/29 MP: 3/3
  1306 | D:2      | Reached skill level 4 in Axes
  2755 | D:3      | Found Eluops's Antique Armour Boutique.
  2820 | D:3      | Reached XP level 4. HP: 35/35 MP: 4/4
  2917 | D:3      | Found an ancient bone altar of Kikubaaqudgha.
  3036 | D:3      | Reached ** piety under Trog
  3239 | D:3      | Noticed Jessica
  3244 | D:3      | Killed Jessica
  3245 | D:3      | Reached skill level 5 in Axes
  3282 | D:3      | Noticed Sigmund
  3307 | D:3      | Killed Sigmund
  3308 | D:3      | Reached skill level 6 in Axes
  3308 | D:3      | Reached XP level 5. HP: 41/41 MP: 5/5
  3308 | D:3      | Gained mutation: Spells you cast may paralyse adjacent
                  | enemies. [demonic ancestry]
  3308 | D:3      | Reached XP level 6. HP: 47/47 MP: 6/6
  3308 | D:3      | Quit the game

Illustrated notes

Levels and vault maps discovered:
D:1:      saegor_arrival_under_anarchy, layout_loops_ring,
          hellmonk_ecumenical_altar_slurped_away, minmay_close_crescents
D:2:      layout_loops_ring
D:3:      layout_loops_ring, mainiacjoe_overflow_catwalk, serial_shops, shop,
          uniq_jessica, uniq_natasha, uniq_sigmund

Skill      XL: |  1  2  3  4 |
---------------+-------------+-----
Axes           | 3 4 6 |  6.2
Fighting       | |  3.0
Armour         | |  1.7
Dodging        | |  1.7

Action                   |  1- 3 |  4- 6 || total
-------------------------+-------+-------++-------
Melee: Hand axe          |   122 |    41 ||   163
Throw: Stone             |     3 |       ||     3
Invok: Berserk           |     4 |     2 ||     6
       Trog's Hand       |       |     1 ||     1
Armor: Animal skin       |     5 |       ||     5
       Scale mail        |    31 |    20 ||    51
Dodge: Dodged            |    89 |    29 ||   118

Table legend: (Time is in decaauts)
 A = Elapsed time spent in this place.
 B = Non-inter-level travel time spent in this place.
 C = Inter-level travel time spent in this place.
 D = Time resting spent in this place.
 E = Time spent auto-exploring this place.
 F = Levels seen in this place.
 G = Mean time per level.
                   A        B        C        D        E       F      G
               +--------+--------+--------+--------+--------+-----+--------+
         Total |   3370 |   3254 |    116 |   1032 |   1845 |   3 | 1123.3 |
       Dungeon |   3370 |   3254 |    116 |   1032 |   1845 |   3 | 1123.3 |
               +--------+--------+--------+--------+--------+-----+--------+

Top non-repeatable levels by time:
     D:2: 1450 daAuts
     D:1: 1410 daAuts
     D:3: 509 daAuts
